 Dungeon Crawl Stone Soup version 0.28.0 (webtiles) character file.

Game seed: 10236005651325675319

4008 danielguo94 the Basher (level 10, 0/61 HPs)
             Began as a Gargoyle Fighter on Feb 6, 2022.
             Was an Initiate of the Shining One.
             Slain by a two-headed ogre (19 damage)
             ... on level 9 of the Dungeon.
             The game lasted 00:12:08 (9040 turns).

danielguo94 the Basher (Gargoyle Fighter)           Turns: 9040, Time: 00:12:09

Health: 0/61       AC: 22    Str: 23    XL:     10   Next: 23%
Magic:  10/10      EV:  8    Int:  8    God:    the Shining One [......]
Gold:   465        SH:  5    Dex: 17    Spells: 9/9 levels left

rFire   . . .      SeeInvis .   H - +2 mace (vorpal)
rCold   . . .      Faith    .   c - +0 buckler
rNeg    + . .      Spirit   .   n - +0 chain mail
rPois   ∞          Reflect  .   M - +2 hat
rElec   +          Harm     .   J - +0 cloak
rCorr   .          Rampage  .   L - +0 pair of gloves {Stlth+}
Will    +....                   (no boots)
Stlth   ..........              (no amulet)
HPRegen 0.20/turn               G - +6 ring of dexterity
MPRegen 0.12/turn               t - ring of willpower

@: glowing
A: sickness immunity, AC +7, negative energy resistance 1, electricity
resistance, torment resistance 1, petrification resistance
a: Renounce Religion


You were on level 9 of the Dungeon.
You worshipped the Shining One.
The Shining One was noncommittal.
You visited 2 branches of the dungeon, and saw 10 of its levels.

You collected 465 gold pieces.

Inventory:

Hand Weapons
 a - a +0 flail
 H - a +2 vorpal mace (weapon)
Missiles
 i - 243 stones (quivered)
 A - 7 boomerangs
 B - 5 poisoned darts
 F - 3 throwing nets
Armour
 c - a +0 buckler (worn)
 n - a +0 chain mail (worn)
 p - a +0 helmet
 J - a +0 cloak (worn)
 L - a +0 pair of gloves of stealth (worn)
 M - a +2 hat (worn)
Jewellery
 d - a ring of protection from cold
 q - a ring of positive energy
 t - a ring of willpower (right hand)
 G - a +6 ring of dexterity (left hand)
 I - a ring of fire
 P - a ring of positive energy
Wands
 o - a wand of digging (5)
 u - a wand of iceblast (10)
 Q - a wand of mindburst (1)
Scrolls
 b - a scroll of brand weapon {unknown}
 e - 2 scrolls of teleportation
 h - a scroll of torment {unknown}
 j - 3 scrolls of silence
 s - 2 scrolls of blinking
 w - a scroll of magic mapping {unknown}
 y - a scroll of noise {unknown}
 z - 6 scrolls of enchant armour
 D - a scroll of enchant weapon {unknown}
 E - a scroll of summoning {unknown}
 K - a scroll of amnesia {unknown}
 O - a scroll of fog {unknown}
 R - a scroll of immolation {unknown}
Potions
 f - a potion of heal wounds
 g - 6 potions of curing
 k - a potion of cancellation {unknown}
 l - 2 potions of lignification
 m - 4 potions of mutation
 r - a potion of brilliance {unknown}
 v - a potion of flight {unknown}
 x - 2 potions of attraction {unknown}
 C - a potion of berserk rage {unknown}
 N - a potion of degeneration {unknown}


   Skills:
 + Level 6.4 Fighting
 * Level 11.5 Maces & Flails
 + Level 7.7 Armour
 + Level 1.3 Dodging
 + Level 4.8 Shields
 + Level 0.3 Evocations


You had 9 spell levels left.
You didn't know any spells.
Your spell library contained the following spells:

 Spells                   Type           Power      Damage    Failure   Level
 Magic Dart               Conj           0%         1d3       98%         1
 Summon Small Mammal      Summ           0%         N/A       98%         1
 Blink                    Tloc           0%         N/A       99%         2
 Searing Ray              Conj           0%         2d4       99%         2
 Call Canine Familiar     Summ           0%         N/A       100%        3
 Gell's Gravitas          Tloc           0%         N/A       100%        3
 Lesser Beckoning         Tloc           0%         N/A       100%        3
 Summon Guardian Golem    Hex/Summ       0%         N/A       100%        3
 Teleport Other           Tloc           0%         N/A       100%        3
 Fulminant Prism          Conj/Hex       0%         3d6       100%        4
 Iskenderun's Battlesphe  Conj           0%         2d6       100%        5
 Manifold Assault         Tloc           0%         N/A       100%        5
 Iron Shot                Conj/Erth      0%         9d1       100%        6
 Spellforged Servitor     Conj/Summ      0%         N/A       100%        7
 Storm Form               Tmut/Air       0%         N/A       100%        7


Dungeon Overview and Level Annotations

Branches:
Dungeon (9/15)             Temple (1/1) D:7            Lair (0/6) D:8
    Orc: D:9-12

Altars:
Ashenzari
Cheibriados
Dithmenos
Elyvilon
Fedhas
Gozag
Hepliaklqana
Kikubaaqudgha
Makhleb
Nemelex Xobeh
Okawaru
Qazlal
Ru
Sif Muna
Trog
Uskayaw
Vehumet
Wu Jian
Xom
Yredelemnul
Zin
The Shining One

Annotations:
D:6 2 transporters, HallandMoats's ghost, novice DsFi


Innate Abilities, Weirdness & Mutations

You are immune to sickness and miasma.
Your stone body is resilient. (AC +7)
You are immune to poison.
You resist negative energy. (rN+)
You are resistant to electric shocks. (rElec)
You are resistant to unholy torment.
You are immune to petrification.


Message History

The two-headed ogre resists with some effort.
Unknown command.
Unknown command.
Okay, then.
Unknown command.
Unknown command.
Okay, then.
Unknown command.
There is an escape hatch in the floor here.
There is a stone staircase leading up here.
Aiming: Mindburst
Press: ? - help, Shift-Dir - straight line, f/p - two-headed ogre
Aim: a two-headed ogre, wielding two +0 giant spiked clubs (lightly wounded, haloed, chance to affect: 49%)
The two-headed ogre's minds are blasted!
The two-headed ogre hits you but does no damage.
The two-headed ogre hits you with a +0 giant spiked club!
* * * LOW HITPOINT WARNING * * *
Unknown command.
Aiming: Mindburst
Press: ? - help, Shift-Dir - straight line, f/p - two-headed ogre
Aim: a two-headed ogre, wielding two +0 giant spiked clubs (moderately wounded, haloed, chance to affect: 49%)
The two-headed ogre's minds are blasted!
The two-headed ogre barely misses you. The two-headed ogre closely misses you.
Unknown command.
Aiming: Mindburst
Press: ? - help, Shift-Dir - straight line, f/p - two-headed ogre
Aim: a two-headed ogre, wielding two +0 giant spiked clubs (heavily wounded, haloed, chance to affect: 49%)
The two-headed ogre resists with some effort.
Unknown command.
Aiming: Mindburst
Press: ? - help, Shift-Dir - straight line, f/p - two-headed ogre
Aim: a two-headed ogre, wielding two +0 giant spiked clubs (heavily wounded, haloed, chance to affect: 49%)
The two-headed ogre's minds are blasted.
The two-headed ogre closely misses you. The two-headed ogre barely misses you.
Unknown command.
Unknown command.
You hit the two-headed ogre.
The two-headed ogre is severely wounded.
The two-headed ogre hits you with a +0 giant spiked club!!
You die...

########..
#........#
#.######..
#@# #O#
##.# #..#
#.## #.#
#.# #.#
#.#


You could see a two-headed ogre.

Vanquished Creatures
  Joseph (D:7)
  Maggie (D:7)
  A komodo dragon (D:8)
  Prince Ribbit (D:7)
  A steam dragon (D:8)
  Edmund (D:4)
  Duvessa (D:7)
  A black bear (D:8)
  A hornet zombie (D:5)
  4 orc warriors
  4 ogres (D:5)
  A centaur (D:8)
  2 phantoms
  2 bullfrogs (D:8)
  5 scorpions
  A water moccasin skeleton (D:5)
  Dowan (D:7)
  10 wights
  3 centaur zombies (D:8)
  A bullfrog zombie (D:5)
  2 hounds
  A bullfrog skeleton (D:5)
  2 orc priests (D:5)
  An iguana (D:6)
  An orc wizard (D:6)
  A killer bee zombie (D:7)
  A hound skeleton (D:4)
  A howler monkey zombie (D:7)
  3 gnolls (D:5)
  8 adders
  An adder zombie (D:5)
  3 dart slugs
  21 orcs
  6 endoplasms
  6 giant cockroaches
  10 goblins
  8 hobgoblins
  5 jackals
  3 quokkas
  7 ball pythons
  4 bats
  4 frilled lizards
  8 kobolds
  4 rats
  A butterfly (D:7)
155 creatures vanquished.

Vanquished Creatures (others)
  Ijyb (D:5)
  2 fungi
  8 plants
11 creatures vanquished.

Grand Total: 166 creatures vanquished

Notes
Turn   | Place    | Note
-------+----------+-------------------------------------------
     0 | D:1      | danielguo94 the Gargoyle Fighter began the quest for the
                  | Orb.
     0 | D:1      | Reached XP level 1. HP: 14/14 MP: 1/1
    93 | D:1      | Reached XP level 2. HP: 17/19 MP: 2/2
   634 | D:1      | Reached XP level 3. HP: 22/23 MP: 3/3
  1096 | D:2      | Reached skill level 3 in Maces & Flails
  1538 | D:2      | Reached XP level 4. HP: 29/29 MP: 4/4
  1890 | D:3      | You fall into a shaft and drop 1 floor!
  2045 | D:3      | Found a faded altar of an unknown god.
  2051 | D:3      | Noticed a scorpion
  2064 | D:3      | Killed a scorpion
  2065 | D:3      | Reached skill level 4 in Maces & Flails
  2065 | D:3      | Reached XP level 5. HP: 28/33 MP: 5/5
  3193 | D:4      | Noticed Edmund
  3333 | D:4      | Found a bloodstained altar of Trog.
  3359 | D:4      | Reached skill level 5 in Maces & Flails
  3359 | D:4      | Reached XP level 6. HP: 38/38 MP: 6/6
  3455 | D:5      | Entered Level 5 of the Dungeon
  3847 | D:4      | Killed Edmund
  4148 | D:5      | Reached skill level 6 in Maces & Flails
  4148 | D:5      | Reached XP level 7. HP: 27/43 MP: 7/7
  4372 | D:4      | Reached skill level 7 in Maces & Flails
  4372 | D:4      | Reached skill level 5 in Armour
  4535 | D:5      | Noticed Ijyb
  4564 | D:4      | Reached XP level 8. HP: 35/48 MP: 8/8
  4649 | D:5      | Killed Ijyb
  4730 | D:5      | Reached skill level 1 in Dodging
  4739 | D:5      | Reached skill level 8 in Maces & Flails
  5112 | D:5      | Reached skill level 5 in Fighting
  5367 | D:5      | Reached skill level 9 in Maces & Flails
  5536 | D:6      | Found a transporter.
  5539 | D:6      | Noticed HallandMoats's ghost (novice DsFi)
  5580 | D:6      | Found a transporter.
  5772 | D:6      | Reached XP level 9. HP: 54/54 MP: 9/9
  6823 | D:7      | Noticed Joseph
  6846 | D:7      | Killed Joseph
  6847 | D:7      | Reached skill level 10 in Maces & Flails
  7019 | D:7      | Found a staircase to the Ecumenical Temple.
  7032 | Temple   | Entered the Ecumenical Temple
  7282 | Temple   | Became a worshipper of the Shining One
  7364 | D:7      | Noticed Maggie
  7379 | D:7      | Killed Maggie
  7389 | D:7      | Noticed Duvessa
  7392 | D:7      | Noticed Dowan
  7407 | D:7      | Killed Duvessa
  7414 | D:7      | Killed Dowan
  7888 | D:7      | Noticed Prince Ribbit
  7897 | D:7      | Killed Prince Ribbit
  8232 | D:8      | Noticed a komodo dragon
  8238 | D:8      | Reached XP level 10. HP: 60/60 MP: 10/10
  8325 | D:8      | Reached skill level 11 in Maces & Flails
  8473 | D:8      | Found a staircase to the Lair.
  9017 | D:9      | Noticed a two-headed ogre
  9040 | D:9      | Slain by a two-headed ogre

Illustrated notes

Levels and vault maps discovered:
D:1:      dpeg_arrival_tiny_a, layout_basic
D:2:      layout_loops_cross
D:3:      minmay_door_path, layout_basic,
          shapermc_ecumenical_altar_mp_ritualfount,
          corexii_item_surrounded_by_moat, st_stairs_7, grunt_decor_cap
D:4:      layout_basic, mainiacjoe_overflow_chevrons, small_statue_intersection,
          uniq_edmund
D:5:      layout_basic, uniq_ijyb
D:6:      layout_gridville, gammafunk_ghost_stat_death, eino_tiny_chamber,
          nrook_mini_backslash, serial_bayou_crossing
D:7:      layout_loops_corners, minmay_temple_entry_butterflies, uniq_duvessa,
          uniq_joseph, uniq_prince_ribbit1, uniq_maggie
D:8:      layout_loops_corners, grunt_lair_entry_orc_guard_hut
D:9:      layout_loops_ring, chequers_big_river
Temple:   mainiacjoe_temple_starburst

Skill      XL: |  1  2  3  4  5  6  7  8  9 10 |
---------------+-------------------------------+-----
Maces & Flails | 3 4 5 6 7 9 10 11 | 11.5
Armour         | 4 5 6 7 |  7.7
Fighting       | 4 5 6 |  6.4
Dodging        | 1 |  1.3
Shields        | 4 |  4.8
Evocations     | |  0.3

Action                   |  1- 3 |  4- 6 |  7- 9 | 10-12 || total
-------------------------+-------+-------+-------+-------++-------
Melee: Flail             |   134 |   146 |   117 |       ||   397
       Mace              |       |       |   224 |    51 ||   275
Evoke: Wand              |       |       |     2 |     7 ||     9
  Use: Potion            |       |     4 |     7 |     1 ||    12
       Scroll            |       |       |     5 |     3 ||     8
Armor: Scale mail        |    40 |       |       |       ||    40
       Chain mail        |    52 |    86 |   157 |    29 ||   324
Dodge: Dodged            |    59 |    50 |   114 |    16 ||   239
Block: Buckler           |    27 |    27 |    64 |     7 ||   125
